 Dungeon Crawl Stone Soup version 0.28-b1-25-g9875b3fc8c (webtiles) character file.

Game seed: 9522273807311561241

648 growler the Gusty (level 7, -2/36 HPs)
             Began as a Tengu Air Elementalist on Jan 31, 2022.
             Slain by a killer bee (5 damage)
             ... on level 5 of the Dungeon.
             The game lasted 00:10:05 (4687 turns).

growler the Gusty (Tengu Air Elementalist)          Turns: 4687, Time: 00:10:06

Health: -2/36      AC:  2    Str:  9    XL:     7   Next: 53%
Magic:  10/14      EV: 14    Int: 17    God:
Gold:   220        SH:  0    Dex: 14    Spells: 5/15 levels left

rFire   . . .      SeeInvis .   k - +1 whip (freeze)
rCold   . . .      Faith    .   (no shield)
rNeg    . . .      Spirit   .   a - +0 robe
rPois   .          Reflect  .   (helmet restricted)
rElec   .          Harm     .   (no cloak)
rCorr   .          Rampage  .   (no gloves)
Will    .....                   (boots unavailable)
Stlth   ++........              e - amulet of regeneration
HPRegen 0.92/turn               g - ring of wizardry
MPRegen 0.14/turn               (no ring)

@: lethally poisoned (-2 -> -3), flying quickly and evasively, quick
A: beak, talons 3, nimble flight
a: no special abilities


You were on level 5 of the Dungeon.
You visited 1 branch of the dungeon, and saw 5 of its levels.

You collected 220 gold pieces.

Inventory:

Hand Weapons
 k - a +1 whip of freezing (weapon)
   (You took it off a kobold on level 3 of the Dungeon)
Armour
 a - a +0 robe (worn)
 o - a +0 buckler
   (You found it on level 4 of the Dungeon)
Jewellery
 e - an amulet of regeneration (around neck)
   (You found it on level 4 of the Dungeon)
 g - a ring of wizardry (left hand)
   (You found it on level 2 of the Dungeon)
 p - a ring of flight
   (You found it on level 1 of the Dungeon)
Wands
 d - a wand of iceblast (3)
   (You found it on level 4 of the Dungeon)
 l - a wand of charming (8)
   (You took it off an orc on level 3 of the Dungeon)
Scrolls
 j - 2 scrolls of identify {@r1}
Potions
 b - a potion of might {unknown}
 c - a potion of magic {unknown}
 f - a potion of degeneration {unknown}
 h - 3 potions of heal wounds {@q2}
 i - a potion of brilliance {unknown}
 m - a potion of flight {unknown}
 n - a potion of haste {unknown}


   Skills:
 - Level 2.1 Dodging
 - Level 2.0 Stealth
 + Level 4.6 Spellcasting
 + Level 6.0 Conjurations
 + Level 7.2 Air Magic


You had 5 spell levels left.
You knew the following spells:

 Your Spells              Type           Power      Damage    Failure   Level
a - Shock                 Conj/Air       100%       1d9       1%          1
b - Airstrike             Air            14%        N/A       3%          4
d - Static Discharge      Conj/Air       26%        N/A       1%          2
s - Swiftness             Air            28%        N/A       1%          3

Your spell library contained the following spells:

 Spells                   Type           Power      Damage    Failure   Level
 Magic Dart               Conj           96%        1d7       1%          1
 Searing Ray              Conj           48%        2d6       1%          2
 Stone Arrow              Conj/Erth      28%        3d8       5%          3
 Fulminant Prism          Conj/Hex       7%         3d7       17%         4
 Animate Armour           Summ/Erth      6%         N/A       50%         4
 Lehudib's Crystal Spear  Conj/Erth      7%         10d3      100%        8


Dungeon Overview and Level Annotations

Branches:
Dungeon (5/15)
 Temple: D:4-7

Altars:

Shops:
D:1 :   D:2 [


Innate Abilities, Weirdness & Mutations

You have a beak for a mouth.
You have claws for feet.
Your magical nature lets you fly swiftly and evasively.


Message History

You closely miss the killer bee. You claw the killer bee.
The killer bee stings you!
You are poisoned.
The killer bee poisons you! The killer bee barely misses you.
Unknown command.
You feel very sick. The killer bee misses you.
You feel sick.
The mass of ice explodes!
The iceblast engulfs the killer bee!
You kill the killer bee!
You feel sick.
You feel sick.
You feel sick.
You start resting.
You feel sick. x4
You are no longer poisoned.
You start resting.
You start resting.
There is a stone staircase leading down here.
You fly downwards.
The killer bee stings you. x3
There is a stone staircase leading up, spattered with blood here.
The killer bee is struck by an arc of lightning.
You are struck by an arc of lightning.
The lightning grounds out.
The killer bee is struck by an arc of lightning!
You are struck by an arc of lightning.
The killer bee is struck by an arc of lightning.
The lightning grounds out.
The killer bee buzzes angrily.
The killer bee stings you!
You are poisoned.
The killer bee poisons you! The killer bee stings you.
* * * LOW HITPOINT WARNING * * *
The killer bee misses you. The killer bee stings you!
* * * LOW HITPOINT WARNING * * *
The killer bee is struck by an arc of lightning!
You kill the killer bee!
You are struck by an arc of lightning.
* * * LOW HITPOINT WARNING * * *
The lightning grounds out.
The killer bee is struck by an arc of lightning!
The lightning grounds out.
You feel sick. The killer bee misses you. The killer bee stings you.
* * * LOW HITPOINT WARNING * * *
The killer bee stings you but does no damage.
The killer bee misses you.
Your Conjurations skill increases to level 6!
As you read the scroll labelled EBOCEI TADWO, it crumbles to dust.
It is a scroll of identify.
h - 3 potions of heal wounds You feel sick.
The killer bee stings you.
You die...

..# #.. #####..#
#......#
#....(.#
#......#
#....y.#
#...@..#
#...y..#
#.####S###
#......######.
....####)..y....
. #.....y...
#.....##y.
#..#### ....


You could see 2 killer bees and an adder.

Vanquished Creatures
  A black bear (D:5)
  A necrophage (D:4)
  A scorpion (D:4)
  4 killer bees
  A howler monkey (D:4)
  An iguana (D:5)
  A hound skeleton (D:4)
  7 adders
  An adder skeleton (D:4)
  2 worms (D:3)
  5 dart slugs
  6 orcs
  7 ball pythons
  5 endoplasms
  2 giant cockroaches
  2 goblins
  3 hobgoblins (D:2)
  12 jackals
  9 kobolds
  A quokka (D:2)
  4 bats
  2 frilled lizards
  7 rats
85 creatures vanquished.

Notes
Turn   | Place    | Note
-------+----------+-------------------------------------------
     0 | D:1      | growler the Tengu Air Elementalist began the quest for the
                  | Orb.
     0 | D:1      | Reached XP level 1. HP: 10/10 MP: 4/4
   223 | D:1      | Reached XP level 2. HP: 15/15 MP: 3/6
   282 | D:1      | Learned a level 2 spell: Static Discharge
  1163 | D:1      | Reached XP level 3. HP: 19/19 MP: 4/7
  1167 | D:1      | Learned a level 3 spell: Swiftness
  1334 | D:1      | Found Liegilar's Book Boutique.
  1382 | D:2      | Found a faded altar of an unknown god.
  1483 | D:2      | Found Visaukask's Armour Boutique.
  1946 | D:2      | Reached XP level 4. HP: 11/24 MP: 0/9
  2158 | D:2      | Reached skill level 5 in Air Magic
  3111 | D:3      | Gained mutation: Your magical nature lets you fly swiftly
                  | and evasively. [Tengu growth]
  3111 | D:3      | Reached XP level 5. HP: 26/28 MP: 3/10
  3220 | D:3      | Learned a level 4 spell: Airstrike
  3841 | D:4      | Noticed a necrophage
  4012 | D:4      | Killed a necrophage
  4013 | D:4      | Reached skill level 6 in Air Magic
  4013 | D:4      | Reached XP level 6. HP: 32/32 MP: 3/12
  4413 | D:4      | Reached skill level 5 in Conjurations
  4455 | D:5      | Entered Level 5 of the Dungeon
  4468 | D:5      | Noticed a black bear
  4473 | D:5      | Killed a black bear
  4474 | D:5      | Reached XP level 7. HP: 36/36 MP: 2/14
  4571 | D:5      | Reached skill level 7 in Air Magic
  4687 | D:5      | Slain by a killer bee

Illustrated notes

Levels and vault maps discovered:
D:1:      dpeg_arrival_pits, layout_basic, serial_shops, nicolae_shop_trees
D:2:      layout_loops_ring, basic_ecumenical_altar, serial_shops,
          nicolae_shop_waterfront, minmay_quantized
D:3:      layout_rooms
D:4:      layout_cave_pools
D:5:      layout_loops_cross, mrwooster_statue_mirror

Skill      XL: |  1  2  3  4  5  6  7 |
---------------+----------------------+-----
Conjurations   | 2 3 4 5 6 |  6.0
Air Magic      | 5 6 7 |  7.2
Spellcasting   | 3 4 |  4.6
Dodging        | |  2.1
Stealth        | |  2.0

Action                   |  1- 3 |  4- 6 |  7- 9 || total
-------------------------+-------+-------+-------++-------
Melee: Unarmed           |    28 |    16 |       ||    44
       Kick              |     7 |    13 |     1 ||    21
       Peck              |     3 |     8 |       ||    11
       Whip              |       |    17 |     1 ||    18
 Cast: Shock             |    33 |    46 |       ||    79
       Static Discharge  |    13 |    22 |     8 ||    43
       Airstrike         |       |     5 |     1 ||     6
Evoke: Wand              |       |       |     1 ||     1
  Use: Scroll            |       |       |     1 ||     1
 Stab: Sleeping          |     1 |     1 |       ||     2
Armor: Robe              |     5 |     9 |     1 ||    15
Dodge: Dodged            |    34 |    29 |    21 ||    84
